 Dungeon Sprint DCSS version 0.30.1-11-g7821555f0a (webtiles) character file.

Game seed: 6612725931440876261

1384 Heoruswealwe the Impaler (level 8, -4/83 HPs)
             Began as a Minotaur Fighter on Dec 15, 2023.
             Was an Initiate of Gozag.
             Killed by mirror damage (5 damage)
             ... in the Dungeon (Sprint IX: "|||||||||||||||||||||||||||||").
             The game lasted 00:02:15 (275 turns).

Heoruswealwe the Impaler (Minotaur Fighter)          Turns: 275, Time: 00:02:16

Health: -4/83      AC: 13    Str: 23    XL:     8   Next: 40%
Magic:  7/7        EV: 10    Int:  5    God:    Gozag
Gold:   720        SH:  0    Dex: 10    Spells: 7/7 levels left

rFire   . . .        b - +2 halberd (venom)
rCold   . . .        (shield currently unavailable)
rNeg    . . .        c - +1 scale mail
rPois   .            (helmet restricted)
rElec   .            h - +0 cloak
rCorr   .            (no gloves)
SInv    .            (no boots)
Will    .....        (no amulet) Stlth
                     k - +2 ring of protection
HPRegen 0.33/turn    (no ring)
MPRegen 0.10/turn

%: no teleportation
@: gold aura
A: horns 2, retaliatory headbutt
a: Renounce Religion, Potion Petition, Call Merchant, Bribe Branch


You were in the Dungeon.
You worshipped Gozag.
Gozag was pleased with you.
You visited 1 branch You collected 720 gold pieces.

Inventory:

Hand Weapons
 a - a +0 trident
 b - a +2 halberd of venom (weapon)
Armour
 c - a +1 scale mail (worn)
 d - a +0 buckler
 h - a +0 cloak (worn)
Jewellery
 k - a +2 ring of protection (left hand)
Wands
 l - a wand of acid (10)
Scrolls
 j - 2 scrolls of blinking
Potions
 e - 5 potions of curing
 g - a potion of haste
 i - a potion of berserk rage
 m - a potion of might


   Skills:
 + Level 11.8 Fighting
 * Level 15.7 Polearms
 + Level 11.8 Armour
 - Level 3.6 Shields


You had 7 spell levels left.
You didn't know any spells.
Your spell library was empty.

Dungeon Overview and Level Annotations

Branches:
Dungeon (1/1)

Altars:
Cheibriados
Dithmenos
Elyvilon
Fedhas
Gozag
Hepliaklqana
Kikubaaqudgha
Makhleb
Nemelex Xobeh
Okawaru
Qazlal
Ru
Sif Muna
Trog
Uskayaw
Vehumet
Wu Jian
Xom
Yredelemnul
Zin
The Shining One
Jiyva
Lugonu


Innate Abilities, Weirdness & Mutations

You have a pair of horns on your head.
You reflexively headbutt those who attack you in melee.


Message History

The boulder beetle completely misses you.
Your Fighting skill increases to level 11!
Your Polearms skill increases to level 15!
Your Armour skill increases to level 11!
You have reached level 8!
You feel agile.
You barely miss the boulder beetle.
The boulder beetle bites you but does no damage.
The death knight calls down the wrath of Yredelemnul upon you.
Your body is wracked with pain!
* * * LOW HITPOINT WARNING * * *
You feel much better. The boulder beetle bites you.
You hit the death knight but do no damage.
The death knight is poisoned.
The death knight invokes the aid of Yredelemnul against you.
Your body is wracked with pain!
* * * LOW HITPOINT WARNING * * *
The boulder beetle bites you but does no damage.
You feel much better. The boulder beetle bites you.
The death knight hits you with a +0 great sword!!
* * * LOW HITPOINT WARNING * * *
You feel much better.
The death knight reflects your damage back at you!
The death knight hits you with a +0 great sword!
* * * LOW HITPOINT WARNING * * *
The boulder beetle bites you.
* * * LOW HITPOINT WARNING * * *
You slice the death knight!!
The death knight looks as sick as possible!
You headbutt the death knight, but do no damage.
The death knight is moderately wounded.
The death knight reflects your damage back at you!
* * * LOW HITPOINT WARNING * * *
The death knight reflects your damage back at you!
You slash the death knight!
The death knight looks as sick as possible!
The death knight is heavily wounded.
The death knight reflects your damage back at you!
You die...
Your body crumbles into a pile of gold. $$$$$ $ $ $ $$$$$ $ ▓▓▓▓▓▓▓▓▓▓▓▓▓▓▓▓▓▓▓▓▓▓▓▓ '!?)[=[...)..))B@phJW... ▓▓▓▓▓▓▓▓▓▓▓▓▓▓▓▓▓▓▓▓▓▓▓▓

You could see a death knight (reflects damage, extremely poisoned), a boulder beetle, a slime creature, a wraith and a black bear.

Vanquished Creatures
  A two-headed ogre (D)
  A troll (D)
  2 wyverns (D)
  A centaur (D)
  A kobold brigand (D)
  An orc priest (D)
  3 hounds (D)
  An iguana (D)
  A bat (D)
  A giant cockroach (D)
  A hobgoblin (D)
  2 quokkas (D)
  A ball python (D)
17 creatures vanquished.

Notes
Turn   | Place    | Note
-------+----------+-------------------------------------------
     0 | D        | Heoruswealwe the Minotaur Fighter began the quest for the
                  | Orb.
     0 | D        | Reached XP level 1. HP: 19/19 MP: 0/0
     7 | D        | Reached skill level 3 in Polearms
    20 | D        | Noticed a hound
    20 | D        | Noticed an iguana
    20 | D        | Noticed a hound
    20 | D        | Noticed a hound
    21 | D        | Killed a hound
    22 | D        | Reached skill level 5 in Fighting
    22 | D        | Reached skill level 5 in Polearms
    22 | D        | Reached skill level 5 in Armour
    22 | D        | Reached XP level 2. HP: 29/29 MP: 1/1
    22 | D        | Reached XP level 3. HP: 36/36 MP: 2/2
    31 | D        | Reached skill level 6 in Polearms
    40 | D        | Reached skill level 7 in Polearms
    40 | D        | Reached XP level 4. HP: 26/44 MP: 3/3
    44 | D        | Reached skill level 8 in Polearms
    50 | D        | Found a snail-covered altar of Cheibriados.
    50 | D        | Found a shadowy altar of Dithmenos.
    50 | D        | Found a white marble altar of Elyvilon.
    50 | D        | Found a blossoming altar of Fedhas.
    50 | D        | Found an opulent altar of Gozag.
    51 | D        | Found a hazy altar of Hepliaklqana.
    52 | D        | Found a viscous altar of Jiyva.
    53 | D        | Found an ancient bone altar of Kikubaaqudgha.
    54 | D        | Found a corrupted altar of Lugonu.
    55 | D        | Found a burning altar of Makhleb.
    56 | D        | Found a sparkling altar of Nemelex Xobeh.
    57 | D        | Found an iron altar of Okawaru.
    58 | D        | Became a worshipper of Gozag Ym Sagoz the Greedy
    59 | D        | Found a stormy altar of Qazlal.
    60 | D        | Found a sacrificial altar of Ru.
    61 | D        | Found a shimmering blue altar of Sif Muna.
    62 | D        | Found a bloodstained altar of Trog.
    63 | D        | Found a hide-covered altar of Uskayaw.
    64 | D        | Found a radiant altar of Vehumet.
    65 | D        | Found an ornate altar of the Wu Jian Council.
    66 | D        | Found a shimmering altar of Xom.
    67 | D        | Found a basalt altar of Yredelemnul.
    68 | D        | Found a glowing silver altar of Zin.
    69 | D        | Found a glowing golden altar of the Shining One.
   129 | D        | Noticed a troll
   129 | D        | Noticed a wyvern
   129 | D        | Noticed a wyvern
   129 | D        | Noticed a kobold brigand
   129 | D        | Noticed a centaur
   134 | D        | Killed a troll
   135 | D        | Reached skill level 11 in Polearms
   135 | D        | Reached XP level 5. HP: 32/56 MP: 4/4
   135 | D        | Reached XP level 6. HP: 36/62 MP: 5/5
   138 | D        | Killed a wyvern
   139 | D        | Reached skill level 12 in Polearms
   145 | D        | Killed a wyvern
   146 | D        | Reached skill level 10 in Fighting
   146 | D        | Reached skill level 13 in Polearms
   146 | D        | Reached skill level 10 in Armour
   146 | D        | Reached XP level 7. HP: 39/72 MP: 6/6
   158 | D        | Reached skill level 14 in Polearms
   265 | D        | Noticed a two-headed ogre
   265 | D        | Noticed a death knight
   265 | D        | Noticed a boulder beetle
   265 | D        | Noticed a slime creature
   265 | D        | Noticed a wraith
   268 | D        | Killed a two-headed ogre
   269 | D        | Reached skill level 15 in Polearms
   269 | D        | Reached XP level 8. HP: 31/83 MP: 7/7
   274 | D        | HP: 1/83 [mirror damage (16)]
   275 | D        | Killed by mirror damage

Illustrated notes

Levels and vault maps discovered:
D:        linesprint [early_d, line_temple, items_1, d_10, items_2, lair_1,
          lair_end, items_3, orc_1, orc_end, items_4, d_15, swamp_1, shoals_1,
          snake_1, spider_1, d_20, vaults_1, items_5, swamp_end, shoals_end,
          snake_end, spider_end, vaults_end, d_27, items_6, zot_1, zot_end,
          crypt_end, forest_end, elf_end, slime_end, tomb_end, abyss_end,
          pan_hell_end]

Skill      XL: |  1  2  3  4  5  6  7 |
---------------+----------------------+-----
Polearms       | 5 7 11 13 15 | 15.7
Fighting       | 5 6 8 10 11 | 11.8
Armour         | 5 6 8 10 11 | 11.8
Shields        | |  3.6

Action                     |  1- 3 |  4- 6 |  7- 9 || total
---------------------------+-------+-------+-------++-------
  Melee: Trident           |    28 |     4 |       ||    32
         Headbutt          |     7 |     4 |     1 ||    12
         Halberd           |       |    14 |    17 ||    31
    Use: Potion            |       |       |     3 ||     3
 Armour: Scale mail        |    13 |     6 |     9 ||    28
  Dodge: Dodged            |    12 |    10 |     4 ||    26
  Block: Buckler           |     4 |       |       ||     4
